 Dungeon Crawl Stone Soup version 0.26-a0-1012-gedcf9b2963 (webtiles) character file.

Game seed: 17713502542512967317

58 ANON1729 the Caller (level 3, 0/24 HPs)
             Began as a Vampire Summoner on Dec 7, 2020.
             Killed by nerve-wracking pain
             ... invoked by an orc priest
              (14 damage)
             ... on level 2 of the Dungeon.
             The game lasted 00:03:07 (1872 turns).

ANON1729 the Caller (Vampire Summoner)              Turns: 1872, Time: 00:03:08

Health: 0/24       AC:  6    Str:  7    XL:     3   Next: 76%
Magic:  3/6        EV: 12    Int: 18    God:
Gold:   61         SH:  0    Dex: 14    Spells: 0/6 levels left

rFire    . . .     SeeInvis +   f - +0 short sword
rCold    . . .     Faith    .   (no shield)
rNeg     . . .     Spirit   .   u - +0 acid dragon scales
rPois    .         Reflect  .   (no helmet)
rElec    .         Harm     .   (no cloak)
rCorr    +         Rampage  .   (no gloves)
Will     .....                  (no boots)
Stlth    ++........             (no amulet)
HPRegen  0.28/turn              (no ring)
MPRegen  0.10/turn              (no ring)

@: regenerating quickly
A: fangs 3, see invisible, unbreathing
a: Exsanguinate


You were on level 2 of the Dungeon.
You visited 1 branch of the dungeon, and saw 3 of its levels.

You collected 61 gold pieces.

Inventory:

Hand Weapons
 f - a +0 short sword (weapon)
 h - a +0 hunting sling
Missiles
 g - 60 stones (quivered)
Armour
 a - a +0 robe
 u - +0 acid dragon scales (worn)
Jewellery
 o - an uncursed amulet of reflection {unknown}
Scrolls
 b - 4 scrolls of identify {unknown}
 c - a scroll of remove curse {unknown}
 d - 2 scrolls of enchant armour {unknown}
 k - a scroll of magic mapping {unknown}
 m - 2 scrolls of enchant weapon {unknown}
 n - a scroll of noise {unknown}
 p - a scroll of immolation {unknown}
 q - a scroll of fear {unknown}
 r - a scroll of fog {unknown}
 s - a scroll of teleportation {unknown}
Potions
 e - a potion of might {unknown}
 i - a potion of berserk rage {unknown}
 j - a potion of heal wounds {unknown}
 l - 2 potions of invisibility {unknown}
 t - a potion of brilliance {unknown}


   Skills:
 + Level 2.8 Dodging
 + Level 4.0 Stealth
 + Level 2.4 Spellcasting
 * Level 4.6 Summonings


You couldn't memorise any spells.
You knew the following spells:

 Your Spells              Type           Power        Failure   Level
a - Summon Small Mammal   Summ           ###.         4%          1
b - Call Imp              Summ           ###.....     8%          2
c - Call Canine Familiar  Summ           ###.....     14%         3

Your spell library contained the following spells:

 Spells                   Type           Power        Failure   Level
 Summon Guardian Golem    Hex/Summ       ##......     36%         3
 Summon Ice Beast         Ice/Summ       ##......     77%         4
 Summon Lightning Spire   Summ/Air       ##......     77%         4


Dungeon Overview and Level Annotations

Branches:
Dungeon (3/15)

Altars:


Innate Abilities, Weirdness & Mutations

Your natural rate of healing is unusually fast.
You have razor-sharp teeth.
You have supernaturally acute eyesight. (SInv)
You can survive without breathing.


Message History

The orc barely misses you. The orc priest hits you.
Your hound bites the orc priest.
You hit the orc priest but do no damage.
The orc priest is moderately wounded.
Your hound bites the orc priest.
The orc priest closely misses you. The orc hits you with a +0 mace.
Your hound bites the orc priest.
The orc priest hits your hound.
You barely miss the orc priest.
The orc priest is severely wounded.
Your hound bites the orc priest.
The orc misses you. The orc priest hits your hound.
Your hound bites the orc priest but does no damage.
You hit the orc priest but do no damage.
The orc priest is severely wounded.
The orc closely misses you.
Your hound completely misses the orc priest.
The orc priest invokes the aid of Beogh against you.
Pain shoots through your body!
Ouch! That really hurt!
You die...

.#######.##.#..#.##.......#......
#........##.#..#..#.#####.#######
..#.##.#.....#......# #.#
....P..P..#.###.#.#.# ###.####
..≈≈.P.....## ##....# #......#
.≈≈≈≈.......###.#.### #.#.##.#
≈≈≈≈≈≈P...##.#.##.### #.#.##.#
≈≈≈≈≈≈≈.P..##.#.....# #.#.>#.#
≈≈≈≈≈≈≈≈.......[@...# #.##.#.#
≈≈≈≈≈≈≈≈...##.#.ooh.# #......#
≈≈≈≈≈≈.≈≈P....#.....# ##.#.###
≈≈≈≈≈P.♣≈..####.....# #.#..#
.≈≈≈..P....#####.#### ##.###
P.≈≈...P.....[...# #.#
P..PP.....######## #.#
########.##### #.#
.........#...######## #.#


You could see an orc priest, an orc and a friendly hound (summoned).

Vanquished Creatures
  An adder (D:2)
  An ooze (D:2)
  A worm (D:3)
  A dart slug (D:1)
  An orc (D:2)
  4 bats
  3 giant cockroaches
  6 goblins
  6 hobgoblins
  A ball python (D:1)
  5 frilled lizards
  6 kobolds
  5 rats
41 creatures vanquished.

Vanquished Creatures (collateral kills)
  A rat (D:1)
1 creature vanquished.

Grand Total: 42 creatures vanquished

Notes
Turn   | Place    | Note
-------+----------+-------------------------------------------
     0 | D:1      | ANON1729 the Vampire Summoner began the quest for the Orb.
     0 | D:1      | Reached XP level 1. HP: 13/13 MP: 3/3
   367 | D:1      | Reached XP level 2. HP: 13/19 MP: 5/5
  1042 | D:2      | Reached XP level 3. HP: 24/24 MP: 6/6
  1715 | D:2      | Learned a level 2 spell: Call Imp
  1719 | D:2      | Learned a level 3 spell: Call Canine Familiar
  1872 | D:2      | Killed from afar by an orc priest

Illustrated notes

Levels and vault maps discovered:
D:1:      matt_arrival_los_fun, layout_basic, minmay_indecisive_spiral
D:2:      layout_loops_cross, guppyfry_early_lair_pool
D:3:      layout_rooms

Skill      XL: |  1  2  3 |
---------------+----------+-----
Stealth        | 4 |  4.0
Dodging        | |  2.8
Spellcasting   | |  2.4
Summonings     | |  4.6

Action                   || total
-------------------------++-------
Melee: Unarmed           ||    13
       Short sword       ||    23
       Bite              ||     3
 Fire: Hunting sling     ||   131
 Cast: Summon Small Mamm ||     4
       Call Imp          ||     1
       Call Canine Famil ||     1
Armor: Robe              ||    13
       Acid dragon scale ||     9
Dodge: Dodged            ||    74

Table legend: (Time is in decaauts)
 A = Elapsed time spent in this place.
 B = Non-inter-level travel time spent in this place.
 C = Inter-level travel time spent in this place.
 D = Time resting spent in this place.
 E = Time spent auto-exploring this place.
 F = Levels seen in this place.
 G = Mean time per level.
                   A        B        C        D        E       F      G
               +--------+--------+--------+--------+--------+-----+--------+
         Total |   1902 |   1821 |     81 |    150 |   1300 |   3 |  634.0 |
       Dungeon |   1902 |   1821 |     81 |    150 |   1300 |   3 |  634.0 |
               +--------+--------+--------+--------+--------+-----+--------+

Top non-repeatable levels by time:
     D:1: 938 daAuts
     D:2: 914 daAuts
     D:3: 49 daAuts
